| TOP OF THE 1ST |
|
Hagerstown Suns batting - Pitching for West Virginia Power : LHP Alfredo Carranza
|
|
Pitching: LHP Alfredo Carranza
|
|
|
Batting: RHB Leo Gutierrez
|
0-0: Foul Ball, location: 2F 0-1: Ball 1-1: Foul Ball, location: 2F 1-2: Ball 2-2: Strikes out swinging
|
|
Batting: RHB Antonio Morado
|
0-0: Called Strike 0-1: SINGLE (Line Drive, 4D, EV 102.5 MPH)
|
|
Batting: RHB Slavik Nebrodov
|
0-0: Ball 1-0: Foul Ball, location: 2F 1-1: Swinging Strike 1-2: Foul Ball, location: 2F 1-2: Foul Ball, location: 2F 1-2: Ball 2-2: Fly out, F7 (Line Drive, 7, EV 90.0 MPH)
|
|
Batting: RHB Bryan Wheeler
|
0-0: Ball 1-0: 2-RUN HOME RUN (Flyball, 7LD, EV 92.5 MPH), Distance : 357 ft
|
|
Batting: LHB Vince McLane
|
0-0: Foul Ball, location: 2F 0-1: Called Strike 0-2: Strikes out swinging
|
| Top of the 1st over - 2 runs, 2 hits, 0 errors, 0 left on base; Hagerstown 2 - West Virginia 0 |
| BOTTOM OF THE 1ST |
|
West Virginia Power batting - Pitching for Hagerstown Suns : LHP Peni Keli'i
|
|
Pitching: LHP Peni Keli'i
|
|
|
Batting: RHB Chris McCoy
|
0-0: Ball 1-0: Swinging Strike 1-1: Swinging Strike 1-2: Ball 2-2: Ground out 6-3 (Groundball, 6, EV 88.1 MPH)
|
|
Batting: LHB Donald Imre
|
0-0: Called Strike 0-1: Ball 1-1: Swinging Strike 1-2: Fly out, F4 (Line Drive, 4, EV 72.5 MPH)
|
|
Batting: LHB Gregg Kellerman
|
0-0: Foul Ball, location: 2F 0-1: Foul Ball, location: 2F 0-2: Ball 1-2: Strikes out looking
|
| Bottom of the 1st over - 0 runs, 0 hits, 0 errors, 0 left on base; Hagerstown 2 - West Virginia 0 |
| TOP OF THE 2ND |
|
Hagerstown Suns batting - Pitching for West Virginia Power : LHP Alfredo Carranza
|
|
Batting: LHB Yasuo Igarashi
|
0-0: Ground out U3 (Groundball, 3, EV 85.6 MPH)
|
|
Batting: RHB Ben Welt
|
0-0: Ball 1-0: Foul Ball, location: 2F 1-1: Ball 2-1: Foul Ball, location: 2F 2-2: Ball 3-2: Foul Ball, location: 2F 3-2: Foul Ball, location: 2F 3-2: SINGLE (Line Drive, 6MD, EV 95.6 MPH)
|
|
Batting: SHB Alex Medina
|
0-0: Ball 1-0: Fly out, F7 (Flyball, 7, EV 86.9 MPH)
|
|
Batting: LHB Adam Jacobs
|
0-0: Swinging Strike 0-1: Ball 1-1: Ball 2-1: Swinging Strike 2-2: Strikes out swinging
|
| Top of the 2nd over - 0 runs, 1 hit, 0 errors, 1 left on base; Hagerstown 2 - West Virginia 0 |
| BOTTOM OF THE 2ND |
|
West Virginia Power batting - Pitching for Hagerstown Suns : LHP Peni Keli'i
|
|
Batting: RHB Jeff Edwards
|
0-0: Ball 1-0: Ball 2-0: Called Strike 2-1: Fly out, F7 (Flyball, 7S, EV 83.1 MPH)
|
|
Batting: LHB Joe Wise
|
0-0: Foul Ball, location: 2F 0-1: Reached on error, E1 (Groundball, 25, EV 76.9 MPH)
|
|
Batting: RHB Nick Wilkins
|
0-0: Called Strike 0-1: Ground out U3 (Groundball, 34, EV 85.6 MPH) Joe Wise to third
|
|
Batting: RHB John Goynes
|
0-0: Ball 1-0: Called Strike 1-1: Foul Ball, location: 2F 1-2: Ball 2-2: Foul Ball, location: 2F 2-2: Ground out U3 (Groundball, 3, EV 81.2 MPH)
|
| Bottom of the 2nd over - 0 runs, 0 hits, 1 error, 1 left on base; Hagerstown 2 - West Virginia 0 |
| TOP OF THE 3RD |
|
Hagerstown Suns batting - Pitching for West Virginia Power : LHP Alfredo Carranza
|
|
Batting: RHB Leo Gutierrez
|
0-0: Ball 1-0: Ball 2-0: Called Strike 2-1: Ball 3-1: Base on Balls
|
|
Batting: RHB Antonio Morado
|
0-0: Called Strike 0-1: Ball 1-1: Foul Ball, location: 2F 1-2: SINGLE (Groundball, 56S, EV 68.8 MPH) (infield hit) Leo Gutierrez to second
|
|
Batting: RHB Slavik Nebrodov
|
0-0: Fielders Choice at 2nd, 4-6 (Groundball, 4, EV 89.4 MPH) Leo Gutierrez to third
|
|
Batting: RHB Bryan Wheeler
|
0-0: Grounds into double play, 6-4-3 (Groundball, 6, EV 95.6 MPH)
|
| Top of the 3rd over - 0 runs, 1 hit, 0 errors, 1 left on base; Hagerstown 2 - West Virginia 0 |
| BOTTOM OF THE 3RD |
|
West Virginia Power batting - Pitching for Hagerstown Suns : LHP Peni Keli'i
|
|
Batting: RHB Brian Moore
|
0-0: Ball 1-0: Ground out 4-3 (Groundball, 4, EV 93.1 MPH)
|
|
Batting: LHB Brandon Sarni
|
0-0: Ball 1-0: Ball 2-0: SINGLE (Line Drive, 89M, EV 100.6 MPH)
|
|
Batting: RHB Chris McCoy
|
0-0: SINGLE (Groundball, 34D, EV 103.8 MPH) Brandon Sarni to second Runner from 2nd tries for 3rd, SAFE, throw by RF made at trailing runner, OUT! 9-6
|
|
Batting: LHB Donald Imre
|
0-0: Called Strike 0-1: Ball 1-1: Fly out, F7 (Flyball, 78D, EV 86.9 MPH)
|
| Bottom of the 3rd over - 0 runs, 2 hits, 0 errors, 1 left on base; Hagerstown 2 - West Virginia 0 |
| TOP OF THE 4TH |
|
Hagerstown Suns batting - Pitching for West Virginia Power : LHP Alfredo Carranza
|
|
Batting: LHB Vince McLane
|
0-0: Ball 1-0: Ground out U3 (Groundball, 3, EV 100.6 MPH)
|
|
Batting: LHB Yasuo Igarashi
|
0-0: Swinging Strike 0-1: Ball 1-1: Ball 2-1: Fly out, F9 (Line Drive, 89M, EV 101.9 MPH)
|
|
Batting: RHB Ben Welt
|
0-0: Ball 1-0: Ball 2-0: Called Strike 2-1: Foul Ball, location: 2F 2-2: Foul Ball, location: 2F 2-2: Strikes out swinging, 2-3 out at first.
|
| Top of the 4th over - 0 runs, 0 hits, 0 errors, 0 left on base; Hagerstown 2 - West Virginia 0 |
| BOTTOM OF THE 4TH |
|
West Virginia Power batting - Pitching for Hagerstown Suns : LHP Peni Keli'i
|
|
Batting: LHB Gregg Kellerman
|
0-0: Ball 1-0: Foul Ball, location: 2F 1-1: Ball 2-1: Swinging Strike 2-2: Foul Ball, location: 2F 2-2: Foul Ball, location: 2F 2-2: Ball 3-2: Foul Ball, location: 2F 3-2: Ground out 4-3 (Groundball, 4, EV 93.1 MPH)
|
|
Batting: RHB Jeff Edwards
|
0-0: Foul Ball, location: 2F 0-1: Ball 1-1: Ball 2-1: Ball 3-1: Base on Balls
|
|
Batting: LHB Joe Wise
|
0-0: DOUBLE (Line Drive, 5D, EV 101.9 MPH) Jeff Edwards to third Runner from 3rd tries for Home, SAFE, throw by LF to trailing runner, SAFE at third!
|
|
Batting: RHB Nick Wilkins
|
0-0: Foul Ball, location: 2F 0-1: Ball 1-1: Ball 2-1: Foul Ball, location: 2F 2-2: Ball 3-2: Strikes out swinging
|
|
Batting: RHB John Goynes
|
0-0: Called Strike 0-1: Ground out 6-3 (Groundball, 6, EV 78.1 MPH)
|
| Bottom of the 4th over - 1 run, 1 hit, 0 errors, 1 left on base; Hagerstown 2 - West Virginia 1 |
| TOP OF THE 5TH |
|
Hagerstown Suns batting - Pitching for West Virginia Power : LHP Alfredo Carranza
|
|
Batting: SHB Alex Medina
|
0-0: Hit by Pitch
|
|
Batting: LHB Adam Jacobs
|
0-0: Foul Ball, location: 2F 0-1: Called Strike 0-2: Ball 1-2: Foul Ball, location: 2F 1-2: Ball 2-2: Foul Ball, location: 2F 2-2: Ball 3-2: SINGLE (Groundball, 34D, EV 100.6 MPH) Alex Medina to second Runner from 2nd tries for 3rd, SAFE, throw by RF made to third
|
|
Batting: RHB Leo Gutierrez
|
0-0: Grounds into double play, 4-6-3 (Groundball, 34, EV 106.2 MPH) Alex Medina scores
|
|
Batting: RHB Antonio Morado
|
0-0: Foul Ball, location: 2F 0-1: Ground out 6-3 (Groundball, 6, EV 85.0 MPH)
|
| Top of the 5th over - 1 run, 1 hit, 0 errors, 0 left on base; Hagerstown 3 - West Virginia 1 |
| BOTTOM OF THE 5TH |
|
West Virginia Power batting - Pitching for Hagerstown Suns : LHP Peni Keli'i
|
|
Batting: RHB Brian Moore
|
0-0: Ball 1-0: SINGLE (Groundball, 56D, EV 103.1 MPH)
|
|
Batting: LHB Brandon Sarni
|
0-0: Fielders Choice at 2nd, 4-6 (Groundball, 34, EV 99.4 MPH)
|
|
Batting: RHB Chris McCoy
|
0-0: Ball 1-0: Fly out, F8 (Flyball, 8LXD, EV 97.5 MPH)
|
|
Batting: LHB Donald Imre
|
0-0: Ground out 1-3 (Groundball, 13S, EV 73.8 MPH)
|
| Bottom of the 5th over - 0 runs, 1 hit, 0 errors, 1 left on base; Hagerstown 3 - West Virginia 1 |
| TOP OF THE 6TH |
|
Hagerstown Suns batting - Pitching for West Virginia Power : LHP Alfredo Carranza
|
|
Batting: RHB Slavik Nebrodov
|
0-0: Ball 1-0: DOUBLE (Groundball, 5L, EV 105.6 MPH)
|
|
Batting: RHB Bryan Wheeler
|
0-0: Ball 1-0: Called Strike 1-1: Swinging Strike 1-2: Strikes out swinging
|
|
Batting: LHB Vince McLane
|
0-0: Called Strike 0-1: Ground out 4-3 (Groundball, 4, EV 79.4 MPH) Slavik Nebrodov to third
|
|
Batting: LHB Yasuo Igarashi
|
0-0: Ball 1-0: Ball 2-0: Ball 3-0: Base on Balls
|
|
Batting: RHB Ben Welt
|
0-0: Ball 1-0: Swinging Strike 1-1: Ball 2-1: Ball 3-1: Foul Ball, location: 2F 3-2: Foul Ball, location: 2F 3-2: Base on Balls Yasuo Igarashi to second
|
|
Batting: SHB Alex Medina
|
0-0: Called Strike Passed Ball! Slavik Nebrodov scores Yasuo Igarashi to third Ben Welt to second 0-1: Ground out 5-3 (Groundball, 5, EV 79.4 MPH)
|
| Top of the 6th over - 1 run, 1 hit, 0 errors, 2 left on base; Hagerstown 4 - West Virginia 1 |
| BOTTOM OF THE 6TH |
|
West Virginia Power batting - Pitching for Hagerstown Suns : LHP Peni Keli'i
|
|
Batting: LHB Gregg Kellerman
|
0-0: Ball 1-0: Ball 2-0: Foul Ball, location: 2F 2-1: Ball 3-1: Foul Ball, location: 2F 3-2: Base on Balls
|
|
Batting: RHB Jeff Edwards
|
0-0: Called Strike 0-1: Ball 1-1: Called Strike 1-2: Ball 2-2: Strikes out swinging
|
|
Batting: LHB Joe Wise
|
0-0: Foul Ball, location: 2F 0-1: Swinging Strike 0-2: Foul Ball, location: 2F 0-2: Ball 1-2: Fielders Choice at 2nd, 1-4 (Groundball, 25, EV 68.8 MPH)
|
|
Batting: RHB Nick Wilkins
|
0-0: Called Strike 0-1: Called Strike 0-2: Foul Ball, location: 2F 0-2: Strikes out swinging
|
| Bottom of the 6th over - 0 runs, 0 hits, 0 errors, 1 left on base; Hagerstown 4 - West Virginia 1 |
| TOP OF THE 7TH |
|
Hagerstown Suns batting - Pitching for West Virginia Power : LHP Alfredo Carranza
|
|
Pitching: RHP Nelson Villalva
|
|
|
Batting: LHB Adam Jacobs
|
0-0: Foul Ball, location: 2F 0-1: Called Strike 0-2: Ball 1-2: Foul Ball, location: 2F 1-2: Ball 2-2: Foul Ball, location: 2F 2-2: DOUBLE (Line Drive, 7LD, EV 103.1 MPH)
|
|
Batting: RHB Leo Gutierrez
|
0-0: Ball 1-0: Reached on error, E6 (Groundball, 56, EV 98.1 MPH) Adam Jacobs to third
|
|
Batting: RHB Antonio Morado
|
0-0: Called Strike Leo Gutierrez steals 2nd base 0-1: SINGLE (Line Drive, 8RS, EV 100.6 MPH) Adam Jacobs scores Leo Gutierrez to third
|
|
Batting: RHB Slavik Nebrodov
|
0-0: Called Strike Antonio Morado steals 2nd base 0-1: Fly out, F6 (Popup, 4MD, EV 64.4 MPH)
|
|
Batting: RHB Bryan Wheeler
|
0-0: Called Strike 0-1: Foul Ball, location: 2F 0-2: Foul Ball, location: 2F 0-2: Ball 1-2: Ball 2-2: Strikes out looking
|
|
Batting: LHB Vince McLane
|
0-0: Fly out, F7 (Flyball, 7, EV 90.0 MPH)
|
| Top of the 7th over - 1 run, 2 hits, 1 error, 2 left on base; Hagerstown 5 - West Virginia 1 |
| BOTTOM OF THE 7TH |
|
West Virginia Power batting - Pitching for Hagerstown Suns : LHP Peni Keli'i
|
|
Pitching: RHP Steve Barnes
|
|
|
Batting: RHB John Goynes
|
0-0: Fly out, F8 (Line Drive, 8LD, EV 88.8 MPH)
|
|
Batting: RHB Brian Moore
|
0-0: Foul Ball, location: 2F 0-1: Called Strike 0-2: Ball 1-2: Ground out 4-3 (Groundball, 4, EV 103.1 MPH)
|
|
Batting: LHB Brandon Sarni
|
0-0: Called Strike 0-1: Swinging Strike 0-2: Ball 1-2: Ball 2-2: Strikes out looking
|
| Bottom of the 7th over - 0 runs, 0 hits, 0 errors, 0 left on base; Hagerstown 5 - West Virginia 1 |
| TOP OF THE 8TH |
|
Hagerstown Suns batting - Pitching for West Virginia Power : RHP Nelson Villalva
|
|
Pitching: RHP James Cornette
|
|
|
Batting: LHB Yasuo Igarashi
|
0-0: Called Strike 0-1: Ground out 4-3 (Groundball, 4, EV 81.9 MPH)
|
|
Batting: RHB Ben Welt
|
0-0: Ball 1-0: Called Strike 1-1: Ball 2-1: Called Strike 2-2: Foul Ball, location: 2F 2-2: Strikes out swinging
|
|
Batting: SHB Alex Medina
|
0-0: Ball 1-0: SINGLE (Groundball, 3D, EV 101.9 MPH)
|
|
Batting: LHB Adam Jacobs
|
0-0: Ball 1-0: Called Strike 1-1: SINGLE (Line Drive, 6MD, EV 101.2 MPH) Alex Medina to second
|
|
Batting: RHB Leo Gutierrez
|
0-0: Ball 1-0: Ball 2-0: Foul Ball, location: 2F 2-1: Ball 3-1: Called Strike 3-2: Ground out 6-3 (Groundball, 6, EV 85.0 MPH)
|
| Top of the 8th over - 0 runs, 2 hits, 0 errors, 2 left on base; Hagerstown 5 - West Virginia 1 |
| BOTTOM OF THE 8TH |
|
West Virginia Power batting - Pitching for Hagerstown Suns : RHP Steve Barnes
|
|
Batting: RHB Chris McCoy
|
0-0: Ball 1-0: Foul Ball, location: 2F 1-1: Ground out 6-3 (Groundball, 56, EV 103.1 MPH)
|
|
Batting: LHB Donald Imre
|
0-0: Ball 1-0: Ball 2-0: Foul Ball, location: 2F 2-1: Foul Ball, location: 2F 2-2: Foul Ball, location: 2F 2-2: Hit by Pitch
|
|
Pinch Runner at 1st Aito Harada:
|
|
|
Batting: LHB Gregg Kellerman
|
0-0: Ball 1-0: Ball 2-0: SINGLE (Groundball, 56D, EV 98.8 MPH) Aito Harada to second
|
|
Batting: RHB Jeff Edwards
|
0-0: Foul Ball, location: 2F 0-1: Ball 1-1: Swinging Strike 1-2: Strikes out swinging
|
|
Batting: LHB Joe Wise
|
0-0: Ground out 4-3 (Groundball, 34D, EV 85.6 MPH)
|
| Bottom of the 8th over - 0 runs, 1 hit, 0 errors, 2 left on base; Hagerstown 5 - West Virginia 1 |
| TOP OF THE 9TH |
|
Hagerstown Suns batting - Pitching for West Virginia Power : RHP James Cornette
|
|
Now at 2B: Brandon Sarni
|
|
|
Now at SS: Ken Manser
|
|
|
Batting: RHB Antonio Morado
|
0-0: Called Strike 0-1: Ball 1-1: Fly out, F7 (Flyball, 7D, EV 93.8 MPH)
|
|
Batting: RHB Slavik Nebrodov
|
0-0: Called Strike 0-1: Ground out 5-3 (Groundball, 56, EV 106.9 MPH)
|
|
Batting: RHB Bryan Wheeler
|
0-0: Ball 1-0: Fly out, F8 (Flyball, 78S, EV 89.4 MPH)
|
| Top of the 9th over - 0 runs, 0 hits, 0 errors, 0 left on base; Hagerstown 5 - West Virginia 1 |
| BOTTOM OF THE 9TH |
|
West Virginia Power batting - Pitching for Hagerstown Suns : RHP Steve Barnes
|
|
Pitching: RHP Chris Lawrence
|
|
|
Batting: RHB Nick Wilkins
|
0-0: Called Strike 0-1: Ball 1-1: Ball 2-1: Ball 3-1: Ground out 4-3 (Groundball, 4, EV 93.8 MPH)
|
|
Batting: RHB John Goynes
|
0-0: Called Strike 0-1: Foul Ball, location: 2F 0-2: Ball 1-2: Ground out 5-3 (Groundball, 56S, EV 77.5 MPH)
|
|
Batting: RHB Brian Moore
|
0-0: Ground out 6-3 (Groundball, 6, EV 105.6 MPH)
|
| Bottom of the 9th over - 0 runs, 0 hits, 0 errors, 0 left on base; Hagerstown 5 - West Virginia 1 |
|